 Dungeon Crawl Stone Soup version 0.31.0-12-g77e489cdc1 (webtiles) character file.

Game seed: 8769694646808645270

2291 Peloso the Carver (level 9, 0/78 HPs)
             Began as a Minotaur Fighter on Mar 3, 2024.
             Was a Believer of Okawaru.
             Blown up by Maurice (4 damage)
             ... with a mindburst bolt
             ... on level 7 of the Dungeon.
             The game lasted 00:10:25 (5289 turns).

Peloso the Carver (Minotaur Fighter)                Turns: 5289, Time: 00:10:26

Health: 0/78       AC: 14    Str: 28    XL:     9   Next: 17%
Magic:  1/8        EV: 15    Int:  5    God:    Okawaru [**....]
Gold:   0          SH:  5    Dex: 13    Spells: 8/8 levels left

rFire   . . .        a - +0 long sword
rCold   . . .        d - +0 buckler
rNeg    . . .        q - +0 chain mail
rPois   .            (helmet restricted)
rElec   .            o - +1 cloak
rCorr   .            r - +0 pair of gloves
SInv    .            (no boots)
Will    .....        (no amulet) Stlth
                     f - +5 ring of evasion
HPRegen 0.33/turn    s - +6 ring of strength
MPRegen 0.11/turn

%: no passive effects
@: no status effects
A: horns 2, retaliatory headbutt
a: Renounce Religion, Heroism


You were on level 7 of the Dungeon.
You worshipped Okawaru.
Okawaru was pleased with you.
You visited 2 branches of the dungeon, and saw 8 of its levels.

Inventory:

Hand Weapons
 a - a +0 long sword (weapon)
Armour
 b - a +1 scale mail
 d - a +0 buckler (worn)
 o - a +1 cloak (worn)
 q - a +0 chain mail (worn)
 r - a +0 pair of gloves (worn)
Jewellery
 e - an amulet of faith
 f - a +5 ring of evasion (left hand)
 s - a +6 ring of strength (right hand)
 y - a ring of willpower
 A - a ring of fire
 C - a ring of protection from fire
Scrolls
 g - 2 scrolls of amnesia
 j - 5 scrolls of teleportation
 k - a scroll of silence
 n - 4 scrolls of enchant weapon {unknown}
 p - a scroll of fear
 x - 3 scrolls of identify
 z - a scroll of poison {unknown}
 B - a scroll of revelation {unknown}
Potions
 h - a potion of might
 i - 5 potions of heal wounds
 l - 2 potions of haste
 m - a potion of invisibility
 t - 2 potions of mutation
 v - a potion of resistance {unknown}
 w - a potion of curing {unknown}


   Skills:
 + Level 6.9 Fighting
 + Level 10.4 Long Blades
 + Level 7.4 Armour
 + Level 2.5 Dodging
 + Level 0.4 Stealth
 + Level 6.1 Shields
 + Level 0.1 Invocations


You had 8 spell levels left.
You didn't know any spells.
Your spell library contained the following spells:

 Spells                   Type           Power      Damage    Failure   Level
 Mercury Vapours          Alch/Air       0%         N/A       98%         2
 Mephitic Cloud           Conj/Alch/Air  0%         N/A       100%        3
 Ozocubu's Armour         Ice            0%         N/A       100%        3
 Freezing Cloud           Conj/Ice/Air   0%         6-21      100%        5
 Metabolic Englaciation   Hex/Ice        0%         N/A       100%        5
 Sculpt Simulacrum        Ice/Alch       Unusable   N/A       N/A         6

Dungeon Overview and Level Annotations

Branches:
Dungeon (7/15)             Temple (1/1) D:5

Altars:
Ashenzari
Cheibriados
Dithmenos
Elyvilon
Fedhas
Gozag
Hepliaklqana
Kikubaaqudgha
Makhleb
Nemelex Xobeh
Okawaru
Qazlal
Ru
Sif Muna
Trog
Uskayaw
Vehumet
Wu Jian
Xom
Zin
The Shining One

Shops:
D:6 *

Annotations:
D:7 Maurice


Innate Abilities, Weirdness & Mutations

You have a pair of horns on your head.
You reflexively headbutt those who attack you in melee.


Message History

Maurice zaps a wand.
You struggle to resist.
You barely miss Maurice.
Maurice is moderately wounded.
You slash Maurice! Your headbutt misses Maurice.
Maurice is moderately wounded.
Maurice gestures wildly while chanting.
Maurice flickers and vanishes!
Deactivating autopickup; reactivate with Ctrl-A.
You barely miss something. Something hits you but does no damage.
Something bites you but does no damage.
You closely miss something. Something hits you.
Something groans, "What are you, a monk?"
Something bites you but does no damage.
You miss something. You headbutt something. You hit something but do no damage.
You headbutt something! Something hits you.
Something mutters, "Now where did you hide it?"
Something bites you.
You feel your power leaking away. Something drains your magic.
You hit something.
You hear a zap.
Your mind is blasted!
You closely miss something. Your headbutt misses something. You miss something.
You hear a zap.
Your mind is blasted!
You miss something. Your headbutt misses something.
You hear some strange, mumbled words.
You feel like a meek peon again.
You hear a zap.
Your mind is blasted!
You hear a zap.
Your mind is blasted!
* * * LOW HITPOINT WARNING * * *
You hear a zap.
Your mind is blasted!
* * * LOW HITPOINT WARNING * * *
You hear a zap.
Your mind is blasted!
You die...

######## #......#
..#####......#
#............#
#####.......#
#####....@..#
..##.......# #
#.##.......#
#.##.##.###<###
#.......# #.#
####.######.#######
#.# #..........#
#.###.##.#####.#
#......<.#####.###


There were no monsters in sight!

Vanquished Creatures
  Pikel (D:6)
  Sigmund (D:6)
  Edmund (D:6)
  2 water moccasins (D:6)
  A black bear (D:5)
  2 ogres
  A centaur (D:5)
  2 lemures (D:6)
  2 bullfrogs
  2 scorpions
  3 killer bees
  A howler monkey (D:4)
  4 hounds
  2 jellies
  An orc priest (D:4)
  2 iguanas
  6 orc wizards
  7 adders
  3 shadow imps
  2 ufetubi (D:6)
  A dart slug (D:1)
  2 ribbon worms
  33 orcs
  9 ball pythons
  4 endoplasms
  4 giant cockroaches
  7 goblins
  3 hobgoblins
  9 kobolds
  3 quokkas
  5 bats
  5 rats
131 creatures vanquished.

Notes
Turn   | Place    | Note
-------+----------+-------------------------------------------
     0 | D:1      | Peloso the Minotaur Fighter began the quest for the Orb.
     0 | D:1      | Reached XP level 1. HP: 19/19 MP: 0/0
    80 | D:1      | Reached XP level 2. HP: 27/27 MP: 1/1
   217 | D:1      | Reached skill level 3 in Long Blades
   588 | D:2      | Reached XP level 3. HP: 33/33 MP: 2/2
  1561 | D:3      | Reached XP level 4. HP: 34/40 MP: 3/3
  1666 | D:3      | Found a burning altar of Makhleb.
  1997 | D:4      | Reached skill level 4 in Long Blades
  2029 | D:3      | Reached XP level 5. HP: 44/46 MP: 4/4
  2261 | D:4      | Reached skill level 5 in Long Blades
  2288 | D:4      | Reached XP level 6. HP: 52/53 MP: 5/5
  2353 | D:4      | You fall into a shaft and drop 1 floor!
  2353 | D:5      | Entered Level 5 of the Dungeon
  2353 | D:5      | Found a staircase to the Ecumenical Temple.
  2371 | Temple   | Entered the Ecumenical Temple
  2402 | Temple   | Became a worshipper of Warmaster Okawaru
  2506 | D:4      | Reached skill level 6 in Long Blades
  2506 | D:4      | Reached skill level 5 in Armour
  2506 | D:4      | Reached skill level 1 in Dodging
  2821 | D:4      | Reached skill level 5 in Fighting
  3251 | D:5      | Reached XP level 7. HP: 51/61 MP: 6/6
  3357 | D:5      | Reached skill level 7 in Long Blades
  3357 | D:5      | Reached skill level 5 in Shields
  3407 | D:5      | Reached * piety under Okawaru
  3622 | D:6      | Noticed Sigmund
  3633 | D:6      | Noticed Edmund
  3743 | D:6      | Killed Edmund
  3747 | D:6      | Killed Sigmund
  3748 | D:6      | Reached skill level 8 in Long Blades
  3748 | D:6      | Reached XP level 8. HP: 51/70 MP: 4/7
  4008 | D:6      | Reached ** piety under Okawaru
  4110 | D:6      | Found Zoam's Serpentskin Sales.
  4116 | D:6      | Reached skill level 9 in Long Blades
  4360 | D:6      | Noticed Pikel
  4393 | D:6      | Killed Pikel
  4394 | D:6      | Reached skill level 10 in Long Blades
  4394 | D:6      | Reached XP level 9. HP: 34/78 MP: 8/8
  4747 | D:7      | Reached *** piety under Okawaru
  4777 | D:7      | Noticed Maurice
  4912 | D:7      | Something stole a ring of protection from cold
  4919 | D:7      | Something stole a +0 dagger of flaming
  5134 | D:7      | Maurice stole 435 gold
  5288 | D:7      | HP: 3/78 [disintegration (16)]
  5289 | D:7      | Blown up by Maurice

Illustrated notes

Levels and vault maps discovered:
D:1:      dpeg_arrival_pond, layout_basic, serial_corexii_hall,
          corexii_hall_statues_i, corexii_hall_statues_i
D:2:      layout_loops_ring
D:3:      layout_loops_ring, lightli_temple_of_fire,
          minmay_randomly_rotated_circles
D:4:      layout_loops_cross
D:5:      layout_loops_cross, minmay_temple_entry_arrows
D:6:      layout_loops_cross, chequers_serial_rivers_micro_d,
          guppyfry_shop_venom, uniq_pikel, uniq_edmund, uniq_sigmund
D:7:      layout_loops_cross, mainiacjoe_overflow_concentric_impassable,
          serial_demonic, serial_demonic_a, serial_demonic_c, serial_demonic_e,
          serial_demonic_f, serial_demonic_g, serial_demonic_c,
          uniq_crazy_yiuf_cottage, uniq_joseph, uniq_jeremiah, uniq_maurice
Temple:   mainiacjoe_temple_big_plus

Skill      XL: |  1  2  3  4  5  6  7  8 |
---------------+-------------------------+-----
Long Blades    | 3 4 5 6 8 10 | 10.4
Armour         | 4 5 6 7 |  7.4
Fighting       | 4 5 6 |  6.9
Shields        | 4 5 6 |  6.1
Dodging        | 1 2 |  2.5
Stealth        | |  0.4
Invocations    | |  0.1

Action                     |  1- 3 |  4- 6 |  7- 9 || total
---------------------------+-------+-------+-------++-------
  Melee: Long sword        |    67 |   127 |   202 ||   396
         Headbutt          |    13 |    19 |    45 ||    77
 Invoke: Heroism           |       |       |     5 ||     5
    Use: Scroll            |     3 |     5 |       ||     8
         Potion            |     2 |       |       ||     2
 Armour: Scale mail        |    38 |    30 |       ||    68
         Chain mail        |       |    32 |   141 ||   173
  Dodge: Dodged            |    48 |    92 |   124 ||   264
  Block: Buckler           |    18 |    29 |    51 ||    98
